 Dungeon Crawl Stone Soup version 0.20.0-15-g7f486f2 (webtiles) character file.

6291 Azzok the Fighter (level 10, -7/68 HPs)
             Began as a Gargoyle Berserker on June 16, 2017.
             Was an Elder of Trog.
             Killed from afar by a gargoyle (10 damage)
             ... with a stone arrow
             ... on level 9 of the Dungeon on June 19, 2017.
             The game lasted 00:17:45 (8226 turns).

Azzok the Fighter (Gargoyle Berserker)              Turns: 8226, Time: 00:17:46

Health: -7/68      AC: 27    Str: 24    XL:     10   Next: 94%
Magic:  10/10      EV:  6    Int:  8    God:    Trog [****..]
Gold:   304        SH: 11    Dex:  9    Spells: 9/9 levels left

rFire    . . .     SeeInvis .   s - +2 flail (protect)
rCold    . . .     Gourm    .   r - +0 shield
rNeg     + . .     Faith    .   o - +0 plate armour
rPois    ∞         Spirit   .   F - +0 helmet
rElec    +         Reflect  .   u - +0 cloak
rCorr    .         Harm     .   (no gloves)
MR       .....                  (no boots)
Stlth    ..........             (no amulet)
Regen    0.3/turn               (no ring)
MPRegen  0.2/turn               (no ring)

@: protection aura, berserk cooldown, slowed, very slow
A: negative energy resistance 1, electricity resistance, unbreathing,
petrification resistance, rot immunity, AC +7
a: Berserk, Trog's Hand, Brothers in Arms, Burn Spellbooks, Renounce Religion


You were on level 9 of the Dungeon.
You worshipped Trog.
Trog was greatly pleased with you.
You were near starving.

You visited 2 branches of the dungeon, and saw 11 of its levels.

You collected 304 gold pieces.

Inventory:

Hand Weapons
 s - a +2 flail of protection (weapon)
 E - a +0 flail of crushing
 I - a +0 giant club
Missiles
 v - 3 javelins (quivered)
Armour
 o - a +0 plate armour (worn)
 r - a +0 shield (worn)
 u - a +0 cloak (worn)
 F - a +0 helmet (worn)
Wands
 C - a wand of disintegration (9/24)
 G - a wand of digging (13/24)
 J - a wand of lightning (10/15)
Scrolls
 b - a scroll of brand weapon {unknown}
 d - 9 scrolls of identify {unknown}
 f - 4 scrolls of recharging {unknown}
 i - 10 scrolls of teleportation {unknown}
 k - a scroll of blinking {unknown}
 m - 3 scrolls of random uselessness {unknown}
 q - a scroll of enchant weapon {unknown}
 w - 2 scrolls of magic mapping {unknown}
 x - a scroll of immolation {unknown}
 y - 2 scrolls of noise {unknown}
Potions
 a - a potion of brilliance {unknown}
 e - 2 potions of mutation {unknown}
 h - 4 potions of curing {unknown}
 l - a potion of flight {unknown}
 p - 6 potions of heal wounds {unknown}
 t - 3 potions of might {unknown}
 z - 2 potions of lignification {unknown}
 A - 2 potions of resistance {unknown}
 B - 2 potions of invisibility {unknown}
 H - a potion of haste {unknown}
Books
 D - the Compendium of Air and Conjuration
   (You found it on level 5 of the Dungeon)

   Spells                             Type                      Level
   a - Shock                          Conjuration/Air              1
   b - Throw Flame                    Conjuration/Fire             2
   c - Throw Frost                    Conjuration/Ice              2
   d - Mephitic Cloud                 Conjuration/Poison/Air       3
   e - Iskenderun's Mystic Blast      Conjuration                  4
   f - Bolt of Fire                   Conjuration/Fire             6
   Trog disapproves of the use of such an item.
Comestibles
 c - 5 bread rations
 g - 6 fruits
 j - 3 royal jellies
 n - 4 meat rations


   Skills:
 + Level 10.9 Fighting
 + Level 10.2 Maces & Flails
 - Level 2.1 Armour
 - Level 1.5 Dodging
 + Level 9.4 Shields


You had 9 spell levels left.
You didn't know any spells.

Dungeon Overview and Level Annotations

Branches:
Dungeon (10/15)            Temple (1/1) D:6            Lair (0/6) D:8
    Orc: D:9-12

Altars:
Cheibriados
Makhleb
Nemelex Xobeh
Qazlal
Trog
Uskayaw
Xom
Yredelemnul

Shops:
D:4 }   D:7 }


Innate Abilities, Weirdness & Mutations

You are resistant to torment.
Your stone body is resilient. (AC +7)
You are immune to poison.
You resist negative energy. (rN+)
You are resistant to electric shocks. (rElec)
You can survive without breathing.
You are immune to petrification.
You are immune to rotting.


Message History

You hit the gargoyle but do no damage.
The orc warrior suddenly jeers, as Orcs often do.
You block the orc warrior's attack.
The gargoyle hurls a stone arrow at you.
The stone arrow hits you!
You hit the gargoyle but do no damage. You block the orc warrior's attack.
The gargoyle hurls a stone arrow at you.
The stone arrow hits you!
You hit the gargoyle but do no damage.
The orc warrior hits you with a battleaxe!
* * * LOW HITPOINT WARNING * * *
You block the gargoyle's attack. x2
The orc warrior hits you but does no damage.
The gargoyle hurls a stone arrow at you.
The stone arrow hits you!
* * * LOW HITPOINT WARNING * * *
You block the orc warrior's attack.
The gargoyle hurls a stone arrow at you.
The stone arrow hits you!
You die...

▒·· ▒··
▒·· ▒·▒
▒·▒ ▒·▒
▒·▒
▒▒▒▒▒▒@▒
▒····o·▒
▒····9·╬
▒·····▒▒
▒▒╬▒▒▒


You could see an orc warrior and a gargoyle.

Vanquished Creatures
  A two-headed ogre (D:8)
  The ghost of anfisbena the Schismatic, a novice DsAK of Lugonu (D:6)
  2 hippogriffs
  A yak (D:8)
  Edmund (D:6)
  2 water moccasins (D:8)
  3 porcupines (D:8)
  2 orc warriors
  An ice beast (D:7)
  2 sky beasts
  3 phantoms
  2 black bears
  4 ogres
  The ghost of Overlord the Poker, an amateur DrBe of Trog (D:3)
  3 centaurs
  A big kobold (D:8)
  Blork the orc (D:6)
  A bullfrog (D:6)
  2 gnoll sergeants (D:5)
  3 scorpions
  5 wights (D:6)
  12 killer bees
  A howler monkey (D:5)
  An electric eel (D:6)
  2 crimson imps (D:7)
  A jelly (D:6)
  2 bullfrog zombies
  7 orc wizards
  2 bullfrog skeletons
  3 orc priests
  A centaur skeleton (D:5)
  4 hounds
  Natasha (D:2)
  5 worker ants
  4 hound zombies
  A hound skeleton (D:5)
  A howler monkey zombie (D:5)
  9 gnolls (D:5)
  9 adders
  2 shadow imps
  An ooze (D:7)
  An adder zombie (D:6)
  An adder skeleton (D:6)
  5 worms
  5 dart slugs
  2 leopard geckos
  15 orcs
  4 giant cockroaches
  6 goblins
  9 hobgoblins
  18 jackals
  5 kobolds
  A quokka (D:7)
  A ball python (D:2)
  12 bats
  3 frilled lizards
  2 leopard gecko zombies
  A quokka skeleton (D:7)
  9 rats
211 creatures vanquished.

Notes
Turn   | Place    | Note
-------+----------+-------------------------------------------
     0 | D:1      | Azzok the Gargoyle Berserker began the quest for the Orb.
     0 | D:1      | Reached XP level 1. HP: 14/14 MP: 1/1
    53 | D:1      | Reached XP level 2. HP: 16/19 MP: 2/2
   556 | D:1      | Reached XP level 3. HP: 22/24 MP: 3/3
   557 | D:1      | Reached ** piety under Trog
  1270 | D:2      | Found a basalt altar of Yredelemnul.
  1340 | D:2      | Reached XP level 4. HP: 27/29 MP: 4/4
  1910 | D:2      | Noticed Natasha
  1917 | D:2      | Killed Natasha
  2175 | D:3      | Noticed Overlord's ghost (amateur DrBe)
  2187 | D:3      | Killed Overlord's ghost
  2187 | D:3      | Reached skill level 5 in Fighting
  2187 | D:3      | Reached XP level 5. HP: 14/35 MP: 5/5
  2278 | D:3      | Reached skill level 5 in Maces & Flails
  2504 | D:3      | Reached XP level 6. HP: 38/40 MP: 6/6
  2884 | D:3      | Reached skill level 1 in Shields
  3056 | D:3      | Reached *** piety under Trog
  3078 | D:3      | Reached XP level 7. HP: 36/46 MP: 7/7
  4037 | D:4      | Found Nuajol's Gadget Shoppe.
  4148 | D:5      | Entered Level 5 of the Dungeon
  4357 | D:5      | Reached XP level 8. HP: 52/52 MP: 8/8
  4363 | D:5      | Identified the Compendium of Air and Conjuration
  4717 | D:5      | Reached **** piety under Trog
  4976 | D:5      | Reached skill level 5 in Shields
  5093 | D:5      | Found a shimmering altar of Xom.
  5093 | D:5      | Found a sparkling altar of Nemelex Xobeh.
  5321 | D:6      | Reached XP level 9. HP: 59/59 MP: 9/9
  5376 | D:6      | Found a hide-covered altar of Uskayaw.
  5394 | D:6      | Noticed Edmund
  5410 | D:6      | Killed Edmund
  5463 | D:6      | Noticed Blork the orc
  5475 | D:6      | Killed Blork the orc
  5524 | D:6      | Found a staircase to the Ecumenical Temple.
  5544 | D:6      | Noticed anfisbena's ghost (novice DsAK)
  5580 | D:6      | Killed anfisbena's ghost
  5590 | Temple   | Entered the Ecumenical Temple
  5863 | D:6      | Found a burning altar of Makhleb.
  6270 | D:7      | Received a gift from Trog
  6288 | D:7      | Found Lisep's Gadget Boutique.
  6457 | D:7      | Reached XP level 10. HP: 66/66 MP: 10/10
  6481 | D:7      | Found a snail-covered altar of Cheibriados.
  6788 | D:7      | Noticed a moth of wrath
  6855 | D:7      | Found a bloodstained altar of Trog.
  7454 | D:8      | Reached skill level 10 in Fighting
  7537 | D:8      | Noticed a two-headed ogre
  7555 | D:8      | Killed a two-headed ogre
  7555 | D:8      | Reached skill level 10 in Maces & Flails
  7770 | D:8      | Found a staircase to the Lair.
  7838 | D:8      | Found a stormy altar of Qazlal.
  8198 | D:8      | You fall through a shaft for 2 floors!
  8198 | D:10     | Entered Level 10 of the Dungeon
  8211 | D:10     | Noticed a gargoyle
  8215 | D:10     | Noticed an orc knight
  8225 | D:9      | HP: 3/68 [gargoyle/stone arrow (9)]
  8226 | D:9      | Killed from afar by a gargoyle

Skill      XL: |  1  2  3  4  5  6  7  8  9 10 |
---------------+-------------------------------+-----
Fighting       | 4 5 6 8 9 10 | 10.9
Maces & Flails | 4 5 6 7 9 10 | 10.2
Shields        | 1 3 5 7 9 |  9.4
Armour         | |  2.1
Dodging        | |  1.5

Action                   |  1- 3 |  4- 6 |  7- 9 | 10-12 || total
-------------------------+-------+-------+-------+-------++-------
Melee: Mace              |   108 |   122 |       |       ||   230
       Flail             |       |    69 |   474 |   289 ||   832
Invok: Berserk           |       |     2 |     5 |     4 ||    11
  Eat: Chunk             |     2 |     7 |    16 |     8 ||    33
Armor: Animal skin       |    21 |       |       |       ||    21
       Ring mail         |    24 |     9 |       |       ||    33
       Plate armour      |       |   127 |   276 |   196 ||   599
Dodge: Dodged            |    93 |    67 |   110 |    49 ||   319
Block: Buckler           |       |    15 |    80 |       ||    95
       Shield            |       |       |    99 |   160 ||   259
